 Dungeon Crawl Stone Soup version 0.20.1-1-g8b1a95d (webtiles) character file.

16666582 Hasart the Sniper (level 27, 142/166 HPs)
             Began as a Vine Stalker Berserker on Sept 26, 2017.
             Was the Champion of Trog.
             Escaped with the Orb
             ... and 15 runes on Sept 27, 2017!
             The game lasted 06:39:07 (93652 turns).

Hasart the Sniper (Vine Stalker Berserker)         Turns: 93652, Time: 06:39:08

Health: 142/166    AC: 45    Str: 30    XL:     27
Magic:  35/42      EV: 23    Int:  7    God:    Trog [******]
Gold:   12693      SH: 20    Dex: 20    Spells: 26/26 levels left

rFire    + + +     SeeInvis +   f - +5 eveningstar (holy)
rCold    + + .     Gourm    .   L - +2 shield of Resistance {rF+ rC+ MR+}
rNeg     + + .     Faith    .   l - +16 plate armour of Aciuteus {rElec MR+ Int+4 SInv}
rPois    .         Spirit   +   (helmet restricted)
rElec    +         Reflect  .   Z - scarf {rC+ rF+}
rCorr    +         Harm     .   s - +2 pair of gloves {Dex+3}
MR       ++++.                  S - +2 pair of boots of the Assassin {Detection Stab+ Stlth++}
Stlth    +++.......             D - amulet of Kyrusch Muec {Spirit +Fly rF+ rN++ MR-}
Regen    1.2/turn               n - ring of resist corrosion
MPRegen  0.3/turn               Q - ring "Qosidoux" {MP+9 Int-2 Slay+4 Stlth+}

@: studying Dodging
A: fangs 3, horns 1, yellow scales 1, camouflage 1, dopey 1, low mp 1,
regeneration 2, screaming 2, shaggy fur 1, wild magic 1, evolution 2, magic
shield, antimagic bite, no potion heal 3, rot immunity, MP-powered wands
0: Orb of Zot
}: 15/15 runes: barnacled, slimy, silver, golden, iron, obsidian, icy, bone,
abyssal, demonic, glowing, magical, fiery, dark, gossamer
a: Berserk, Trog's Hand, Brothers in Arms, Burn Spellbooks, Renounce Religion,
Evoke Flight


You escaped.
You worshipped Trog.
Trog was exalted by your worship.
You were not hungry.

You visited 18 branches of the dungeon, and saw 90 of its levels.
You visited Pandemonium 1 time, and saw 28 of its levels.
You visited the Abyss 2 times.
You also visited: Labyrinth, Ossuary, Ice Cave, Wizlab and Desolation.

You collected 15200 gold pieces.
You spent 2507 gold pieces at shops.

Inventory:

Hand Weapons
 f - a +5 eveningstar of holy wrath (weapon)
 m - the +9 heavy crossbow "Sniper" {velocity, Acc+∞ SInv}
   (You took it off a vault sentinel on level 5 of the Vaults)

   Any bolt fired from it inflicts extra damage.
   It lets you see invisible.
 B - a +9 demon whip of electrocution
 H - a +3 antimagic demon whip
 M - a +1 sacred scourge of holy wrath
 Y - the +11 hand crossbow "Ulynwikh" {penet, +Fly MR- Dex+7 SInv}
   (Trog gifted it to you on level 4 of the Spider Nest)

   Ammo fired by it will pass through the targets it hits, potentially hitting
   all targets in its path until it reaches maximum range.
   It affects your dexterity (+7).
   It affects your resistance to hostile enchantments.
   It lets you see invisible.
   It lets you fly.
Missiles
 j - 1876 bolts
Armour
 l - the +16 plate armour of Aciuteus (worn) {rElec MR+ Int+4 SInv}
   (You bought it in a shop on level 2 of the Orcish Mines)

   It affects your intelligence (+4).
   It insulates you from electricity.
   It affects your resistance to hostile enchantments.
   It lets you see invisible.
 s - a +2 pair of gloves of dexterity (worn)
 y - the +0 cloak of Xushrosa {rC+ MP+9 Str+4 Int-2}
   (You found it on level 5 of the Pits of Slime)

   It affects your strength (+4).
   It affects your intelligence (-2).
   It protects you from cold.
   It affects your magic capacity (+9).
 E - a +2 helmet of see invisible
 L - the +2 shield of Resistance (worn) {rF+ rC+ MR+}
   (You took it off Donald on level 2 of the Orcish Mines)

   It protects you from fire.
   It protects you from cold.
   It affects your resistance to hostile enchantments.
 S - the +2 pair of boots of the Assassin (worn) {Detection Stab+ Stlth++}
   (You found it on level 5 of the Vaults)

   It makes you much more stealthy.
 T - the +5 cloak of the Bull {Dex+4}
   (You found it in a wizard's laboratory)

   It affects your dexterity (+4).
 Z - a scarf of resistance (worn)
Jewellery
 n - a ring of resist corrosion (left hand)
 p - the ring of Propriety {rF++ Dex+3}
   (You found it on level 5 of the Pits of Slime)

   [ring of dexterity]

   It affects your dexterity (+3).
   It greatly protects you from fire.
 v - a +6 amulet of reflection
 x - the amulet of Liberty {Gourm +Blink Slay+3}
   (You took it off Jory on level 3 of the Crypt)

   [amulet of the gourmand]

   It allows you to eat raw meat even when not hungry.
   It affects your accuracy and damage with ranged weapons and melee attacks
   (+3).
   It lets you blink.
 D - the amulet of Kyrusch Muec (around neck) {Spirit +Fly rF+ rN++ MR-}
   (You found it in Pandemonium)

   [amulet of guardian spirit]

   It causes incoming damage to be split between your health and magic.
   It protects you from fire.
   It greatly protects you from negative energy.
   It affects your resistance to hostile enchantments.
   It lets you fly.
 I - an uncursed ring of poison resistance
 Q - the ring "Qosidoux" (right hand) {MP+9 Int-2 Slay+4 Stlth+}
   (You took it off a balrug in Pandemonium)

   [ring of magical power]

   It affects your intelligence (-2).
   It affects your accuracy and damage with ranged weapons and melee attacks
   (+4).
   It affects your magic capacity (+9).
   It makes you more stealthy.
 R - an uncursed ring of protection from cold
 X - the ring "Tocejum" {Wiz rN+++ Str-5 Int+7}
   (You took it off a rakshasa in Pandemonium)

   [ring of wizardry]

   It improves your spell success rate.
   It affects your strength (-5).
   It affects your intelligence (+7).
   It renders you almost immune to negative energy.
Wands
 a - a wand of scattershot (9/9)
Scrolls
 h - a scroll of blinking
 k - 36 scrolls of identify
 r - 14 scrolls of teleportation
 z - 9 scrolls of fear
 J - 2 scrolls of recharging
 U - 4 scrolls of silence
 V - 29 scrolls of remove curse
Potions
 d - 2 potions of haste
 g - 5 potions of flight
 i - 42 potions of curing
 o - 4 potions of cancellation
 u - 4 potions of might
 w - 2 potions of magic
 C - a potion of ambrosia
 F - 2 potions of berserk rage
 G - 6 potions of resistance
 O - 2 potions of mutation
 P - 2 potions of agility
Books
 b - a book of Ice

   Spells                             Type                      Level
   a - Ice Form                       Ice/Transmutation            4
   b - Metabolic Englaciation         Hexes/Ice                    5
   c - Ozocubu's Refrigeration        Ice                          6
   d - Bolt of Cold                   Conjuration/Ice              6
   e - Freezing Cloud                 Conjuration/Ice/Air          6
   f - Simulacrum                     Ice/Necromancy               6
   Trog disapproves of the use of such an item.
 e - a manual of Dodging
 A - the Volume of Darkness and Summoning
   (You found it on level 5 of the Pits of Slime)

   Spells                             Type                      Level
   a - Summon Small Mammal            Summoning                    1
   b - Call Imp                       Summoning                    2
   c - Summon Ice Beast               Ice/Summoning                4
   d - Control Undead                 Necromancy                   4
   e - Simulacrum                     Ice/Necromancy               6
   Trog disapproves of the use of such an item.
Miscellaneous
 q - a lightning rod (4/4)
 t - 9 boxes of beasts
 K - 7 sacks of spiders
 N - 9 phantom mirrors
 W - a fan of gales
Comestibles
 c - 7 bread rations


   Skills:
 + Level 24.1 Fighting
 + Level 25.0 Maces & Flails
 + Level 26.4 Crossbows
 - Level 5.6 Throwing
 + Level 19.9 Armour
 + Level 20.9 Dodging
 + Level 23.2 Stealth
 + Level 22.7 Shields
 + Level 19.0 Evocations


You had 26 spell levels left.
You didn't know any spells.

Dungeon Overview and Level Annotations

Branches:
Dungeon (15/15)            Temple (1/1) D:6            Lair (6/6) D:8
 Shoals (4/4) Lair:3       Spider (4/4) Lair:4        Slime (5/5) Lair:6
    Orc (2/2) D:11            Elf (3/3) Orc:2        Vaults (5/5) D:14
  Crypt (3/3) Vaults:2       Tomb (3/3) Crypt:3      Depths (5/5) D:15
   Hell (1/1)                 Dis (7/7) Hell            Geh (7/7) Hell
    Coc (7/7) Hell            Tar (7/7) Hell            Zot (5/5) Depths:5

Altars:
Ashenzari
Cheibriados
Dithmenos
Elyvilon
Fedhas
Gozag
Hepliaklqana
Kikubaaqudgha
Makhleb
Nemelex Xobeh
Okawaru
Qazlal
Ru
Sif Muna
Trog
Uskayaw
Vehumet
Xom
Yredelemnul
Zin
The Shining One
Beogh
Jiyva

Shops:
D:13 =   Orc:2 *[[%!   Elf:1 (   Elf:2 =   Shoals:2 =

Portals:
Hell: Depths:1 Depths:2 Depths:3 Depths:4 Depths:5
Abyss: Depths:1 Depths:4 Depths:5
Pandemonium: Depths:1 Depths:3 Depths:5
Ziggurat: Depths:3


Innate Abilities, Weirdness & Mutations

You have razor-sharp teeth.
You heal very quickly.
When hurt, damage is shared between your health and your magic reserves.
Your bite disrupts and absorbs the magic of your enemies.
Potions cannot restore your health.
You are immune to rotting.
You have a pair of small horns on your head.
You are partially covered in yellow scales. (AC +2)
Your skin changes colour to match your surroundings (Stealth+).
You are dopey. (Int -2)
Your magical capacity is low. (-10% MP)
You sometimes yell uncontrollably at your foes.
You are covered in fur. (AC +1)
Your spells are a little harder to cast, but a little more powerful.
You rapidly evolve.
You expend magic power (3 MP) to strengthen your wands.


Message History

A demonic crawler comes into view.
There is a stone staircase leading up here.
You climb upwards.
There is a stone staircase leading down here.
There is a stone staircase leading up here.
You climb upwards.
There is a stone staircase leading down here.
There is a stone staircase leading up here.
You climb upwards.
There is a stone staircase leading down here.
There is an open door here.
There is an open door here.
There is a stone staircase leading down here.
A Tzitzimitl comes into view.
The Tzitzimitl calls on the powers of darkness!
Your body is wracked with pain!
You see here 28 sling bullets.
There is a staircase leading out of the dungeon here.
You can't go down here!
You have escaped!

((......##.##### #####.....
##.##.#........# #.........
#...##.#.#####.# #.###.####
########## ##.### #.# #.....
####...######....# #.# #.####
.##.###.##..###### #.# #.....
##### ##.#.#.##..# #.# ######
..#### #..###....# #.##
##.(.###.##.###.@# #..#
#.##.##.##.##....# ##.#
.####...##...##..# #.## #
################## #..## ##
.......####...##.########...####.
.......'......[........>.......+.
.......####...##.#######....####.
......## ##.###.# #.#.## ##
.....## ### #.# #.### #


There were no monsters in sight!

Vanquished Creatures
  Cerebov (Pan)
  Asmodeus (Geh:7)
  the Royal Jelly (Slime:5)
  Antaeus (Coc:7)
  Ignacio (Pan)
  Lom Lobon (Pan)
  the Serpent of Hell (Tar:7)
  Gloorx Vloq (Pan)
  Mnoleg (Pan)
  Dispater (Dis:7)
  3 orbs of fire
  Mara (Vaults:4)
  Khufu (Crypt:1)
  8 ancient liches
  2 juggernauts
  Mennas (Pan)
  24 greater mummies
  The ghost of Rhok the Slayer, a veteran MfFi of Okawaru (Depths:1)
  5 shard shrikes
  Saint Roka (Depths:3)
  Xtahua (Depths:3)
  A caustic shrike (Depths:2)
  2 curse toes
  Geryon (Hell)
  9 Killer Klowns (Zot:5)
  the Enchantress (Depths:4)
  Jory (Crypt:3)
  12 bone dragons
  11 golden dragons
  Arachne (Spider:4)
  5 doom hounds
  5 electric golems
  23 Brimstone Fiends
  5 iron giants
  22 Tzitzimimeh
  10 liches
  20 tentacled monstrosities
  Rupert (Lair:6)
  9 Hell Sentinels
  18 Ice Fiends
  30 Orb Guardians
  2 deep elf blademasters (Elf:3)
  17 acid blobs
  6 quicksilver dragons
  11 titans
  9 ancient champions
  9 sphinxes
  A kraken (Shoals:2)
  19 Executioners (Pan)
  3 eldritch tentacles
  10 tentacled starspawn
  3 thorn hunters (Depths:4)
  15 death cobs
  15 storm dragons
  Kirke (D:12)
  Ilsuiw (Shoals:4)
  9 tengu reavers
  15 shadow dragons
  Donald (Orc:2)
  10 draconian monks
  7 azure jellies
  7 blood saints (Pan)
  5 revenants
  A daeva (Abyss:3)
  6 deep elf sorcerers
  The ghost of Hasart the Devastator, a journeyman DrWz of Hepliaklqana (Spider:1)
  9 pandemonium lords
  15 fire giants
  6 iron dragons
  2 orc warlords
  20 cacodemons
  17 vault wardens
  Louise (Shoals:1)
  A ghost moth (shapeshifter) (Vaults:5)
  6 draconian stormcallers
  3 curse skulls
  3 draconian knights
  7 draconian scorchers
  2 imperial myrmidons (Desolation)
  7 emperor scorpions
  26 balrugs
  8 draconian shifters
  9 ghost moths
  11 frost giants
  17 ironheart preservers
  5 black suns (Pan)
  10 ghouls
  4 deep elf elementalists
  2 juggernaut zombies (Hell)
  11 draconian annihilators
  9 warmongers (Pan)
  44 reapers
  2 elemental wellsprings (Coc:7)
  37 very ugly things
  2 spriggan defenders
  An entropy weaver (shapeshifter) (Vaults:5)
  A caustic shrike skeleton (Crypt:2)
  23 war gargoyles
  18 vampire knights
  22 stone giants
  5 entropy weavers
  7 corrupters (Pan)
  10 bennus
  13 black draconians
  11 deep elf demonologists
  8 white draconians
  9 yellow draconians
  13 green draconians
  12 lorocyprocas
  A halazid warlock (Desolation)
  22 purple draconians
  12 deep elf annihilators
  3 spark wasps
  8 red draconians
  7 eidola
  17 deep elf death magi
  10 death oozes
  3 merfolk javelineers
  The ghost of Quirk the Carver, a journeyman DsGl of Okawaru (D:12)
  12 green deaths
  11 ettins
  3 crystal guardians (Desolation)
  A minotaur (Lab)
  17 mummy priests
  6 merfolk impalers
  14 jiangshi
  3 quicksilver dragon zombies
  38 blizzard demons
  A kraken zombie (Coc:7)
  27 vault guards
  A great orb of eyes (shapeshifter) (Vaults:5)
  9 servants of whispers
  5 ragged hierophants (Desolation)
  3 deep elf high priests (Elf:3)
  8 great orbs of eyes
  10 yaktaur captains
  10 fire dragons
  22 ice dragons
  The ghost of Hasart the Slicer, a journeyman KoAs of Trog (Orc:2)
  15 rakshasas
  3 hell beasts (Pan)
  10 peacekeepers
  3 quicksilver dragon skeletons
  Fannar (D:11)
  7 hydras
  2 alligator snapping turtles
  5 catoblepae
  2 juggernaut simulacra (Pan)
  4 monstrous demonspawn (Pan)
  4 merfolk avatars
  A ghost crab (Tar:1)
  6 merfolk aquamancers
  12 spriggan air magi
  13 centaur warriors
  5 death knights
  The ghost of kalagan the Thaumaturge, a journeyman GrEE of the Shining One (D:11)
  29 two-headed ogres
  A two-headed ogre (shapeshifter) (Vaults:5)
  5 satyrs
  7 orc high priests
  27 dancing weapons
  11 death yaks
  6 deep troll earth magi
  8 deep troll shamans
  11 tengu warriors
  50 death scarabs
  8 ogre magi
  8 hell hogs
  16 vampire magi
  14 iron golems
  6 titan zombies
  9 spriggan berserkers
  23 soul eaters
  6 storm dragon zombies
  43 sun demons
  7 thrashing horrors
  25 deep elf knights
  7 wretched stars (Abyss:3)
  16 iron trolls
  19 hell knights
  104 skeletal warriors
  2 titan skeletons
  11 shadow wraiths
  25 sixfirhies
  A death drake (Depths:5)
  2 spark wasp zombies
  6 golden dragon zombies
  2 salamander mystics (Depths:3)
  8 anaconda zombies
  5 glowing orange brains
  14 shadow demons
  3 storm dragon skeletons
  13 sea snakes
  2 unseen horrors (shapeshifter)
  13 wizards
  10 torturous demonspawn (Pan)
  12 flayed ghosts
  30 deep trolls
  5 gelid demonspawn (Pan)
  17 infernal demonspawn (Pan)
  17 phantasmal warriors
  4 unseen horrors
  An obsidian statue (WizLab)
  A ghost moth zombie (Geh:3)
  17 ironbrand convokers
  11 harpies
  17 deep elf archers
  A kraken simulacrum (Shoals:4)
  3 lindwurms (Depths:5)
  A harpy (shapeshifter) (D:14)
  22 orc knights
  A tengu zombie (Hell)
  3 golden dragon skeletons
  18 orb spiders
  25 wolf spiders
  10 necromancers
  2 orb spiders (shapeshifter)
  4 shadow dragon zombies
  2 wolf spider zombies
  6 orc sorcerers
  2 anaconda skeletons
  80 deep elf magi
  7 frost giant zombies
  11 cyclopes
  9 stone giant zombies
  69 ugly things
  7 fire giant zombies
  3 shadow dragon skeletons
  A moth of wrath (shapeshifter) (Depths:2)
  7 salamanders
  15 fauns
  6 worldbinders
  4 iron dragon zombies
  6 shining eyes
  30 moths of wrath
  9 merfolk sirens
  An apocalypse crab (Abyss:3)
  18 manticores
  4 iron dragon skeletons
  6 stone giant skeletons
  A shock serpent zombie (Dis:3)
  38 rust devils
  8 frost giant skeletons
  9 guardian serpents
  6 elephants (Lair:6)
  3 dire elephant zombies
  2 shock serpent skeletons
  6 fire giant skeletons
  A black mamba (shapeshifter) (Abyss:3)
  A guardian serpent (shapeshifter) (Vaults:5)
  A torpor snail (Spider:4)
  5 water nymphs
  37 smoke demons
  12 vault sentinels
  2 black mambas
  9 ice statues
  10 molten gargoyles
  An emperor scorpion zombie (Crypt:1)
  A dire elephant skeleton (Tar:7)
  3 eyes of devastation
  6 centaur skeletons
  2 catoblepas zombies
  A gargoyle (D:12)
  20 freezing wraiths
  A death yak zombie (Crypt:3)
  27 orange demons
  8 spiny frogs
  6 komodo dragons
  30 demonic crawlers
  A komodo dragon (shapeshifter) (Abyss:1)
  A yaktaur (shapeshifter) (Vaults:5)
  A yellow draconian zombie (Crypt:2)
  31 hellions
  27 tormentors
  An anaconda simulacrum (Tomb:3)
  An iron troll zombie (Crypt:3)
  A pale draconian zombie (Crypt:2)
  29 guardian mummies
  35 ice devils
  5 tengu conjurers
  4 ancient zymes (Abyss:3)
  2 kobold demonologists (D:13)
  27 red devils
  8 hydra zombies
  6 efreet
  42 yaktaurs
  19 jumping spiders
  27 merfolk
  11 trolls
  A polar bear (shapeshifter) (Vaults:5)
  A queen ant zombie (Crypt:3)
  2 silent spectres
  2 queen bees
  2 harpy zombies
  A wind drake (shapeshifter) (Vaults:1)
  5 meliai (Abyss:3)
  A meliai (shapeshifter) (Vaults:4)
  2 catoblepas skeletons
  21 hellwings
  64 saltlings
  17 polar bears
  9 raiju
  27 wind drakes
  Grinder (D:3)
  A minotaur zombie (Geh:7)
  A troll (shapeshifter) (Depths:1)
  10 hornets
  A slime creature (shapeshifter) (Depths:2)
  A harpy skeleton (Crypt:3)
  9 bog bodies
  98 slime creatures
  2 spectral guardian serpents (Crypt:1)
  5 ice dragon zombies
  2 deep troll zombies
  2 stone giant simulacra
  6 fire dragon zombies
  Prince Ribbit (D:5)
  5 ettin zombies
  An iron dragon simulacrum (Crypt:2)
  A frost giant simulacrum (Crypt:1)
  24 blink frogs
  5 hydra skeletons
  16 dream sheep
  A hippogriff (shapeshifter) (Vaults:4)
  4 spriggan zombies
  15 hippogriffs
  A fire giant simulacrum (Abyss:3)
  A human simulacrum (Vaults:1)
  18 vampires (Crypt:3)
  3 spriggans
  2 alligator skeletons
  14 snapping turtles
  43 starcursed masses
  4 alligator zombies
  5 air elementals
  3 black mamba zombies
  29 water elementals
  Sigmund (D:2)
  68 redbacks
  3 spriggans (shapeshifter)
  39 tarantellas
  58 flying skulls
  30 shadows
  24 ynoxinuls
  Eustachio (D:5)
  3 hogs (shapeshifter)
  4 wyverns
  2 ettin skeletons
  12 ushabtiu
  84 yaks
  8 fire dragon skeletons
  19 wraiths
  3 basilisks
  A black mamba skeleton (Dis:7)
  5 hogs (D:12)
  19 humans (D:14)
  25 fire elementals
  2 golden eyes (shapeshifter)
  4 hungry ghosts
  The ghost of vatarom the Skirmisher, an amateur DsAK of Lugonu (D:4)
  26 chaos spawn
  46 large abominations
  16 golden eyes
  4 vampire mosquitoes (D:13)
  26 neqoxecs
  A glowing shapeshifter zombie (Crypt:2)
  A steam dragon (D:14)
  4 wargs
  A soldier ant (D:14)
  6 spatial vortices
  A yaktaur simulacrum (Vaults:2)
  2 nagas (Abyss:3)
  A warg (shapeshifter) (Depths:2)
  An insubstantial wisp (WizLab)
  5 acid dragons
  13 water moccasins
  4 spiny frog zombies
  61 hell hounds
  9 porcupines
  An infernal demonspawn skeleton (Crypt:2)
  7 ice beasts
  48 orc warriors
  5 swamp drakes (Depths:5)
  A black bear (shapeshifter) (Vaults:3)
  8 eyes of draining
  10 phantoms
  4 black bears
  2 spiny frog skeletons (Hell)
  An eye of draining (shapeshifter) (Elf:1)
  3 snapping turtle zombies
  38 ogres
  3 sky beasts
  A fire dragon simulacrum (Tar:2)
  14 necrophages
  An ettin simulacrum (Crypt:1)
  An alligator simulacrum (Coc:7)
  29 centaurs
  A swamp dragon zombie (Dis:7)
  39 wolves
  15 boggarts
  3 snapping turtle skeletons
  15 crocodiles
  A rime drake skeleton (Crypt:1)
  2 yaktaur zombies
  8 big kobolds
  9 earth elementals
  18 bullfrogs
  An elf zombie (Tar:3)
  An elf skeleton (Geh:7)
  A wyvern zombie (D:12)
  A water moccasin zombie (Crypt:1)
  15 small abominations
  2 wyvern skeletons
  5 scorpions
  40 killer bees
  A manticore simulacrum (Coc:7)
  2 troll zombies
  22 wights
  A troll skeleton (Geh:6)
  An electric eel (Elf:3)
  A wolf zombie (Crypt:2)
  25 crimson imps
  A wolf skeleton (Crypt:1)
  2 bullfrog zombies (D:11)
  8 quasits
  33 orc priests
  5 centaur zombies
  9 hounds
  16 iron imps
  6 jellies
  25 orc wizards
  Crazy Yiuf (D:5)
  4 bullfrog skeletons
  3 human zombies (Ossuary)
  2 human skeletons
  5 iguanas
  7 worker ants
  A felid zombie (Crypt:1)
  An ogre zombie (Geh:7)
  2 dwarf skeletons
  2 demigod skeletons (Crypt:1)
  2 hound skeletons
  39 mummies
  Robin (D:2)
  3 gnolls (D:8)
  13 adders
  14 shadow imps
  2 steam dragon skeletons
  11 white imps
  5 ufetubi
  2 oozes
  An adder zombie (D:8)
  2 adder skeletons
  A ball lightning (Pan)
  A barachi zombie (Crypt:2)
  3 dart slugs
  2 worms
  6 leopard geckos
  96 orcs
  9 giant cockroaches
  10 goblins
  7 hobgoblins
  18 jackals
  21 kobolds
  6 quokkas
  2 ball pythons
  10 bats
  5 frilled lizards
  A gnoll skeleton (Crypt:3)
  2 goblin zombies (Ossuary)
  A hobgoblin zombie (Ossuary)
  A jackal zombie (Crypt:2)
  A kobold skeleton (Geh:2)
  A kobold zombie (Ossuary)
  An orc skeleton (Geh:2)
  An orc zombie (Tar:5)
  A quokka skeleton (D:9)
  29 rats
  4 briar patches (Depths:4)
  2 crawling corpses
  2 lurking horrors (Abyss:3)
  A plant (Depths:1)
  2 starspawn tentacles
  7 tentacles
4925 creatures vanquished.

Vanquished Creatures (collateral kills)
  Ereshkigal (Tar:7)
  A golden dragon (Vaults:4)
  An iron giant (Dis:7)
  An acid blob (Slime:5)
  An entropy weaver (Spider:1)
  A war gargoyle (Dis:7)
  A bennu (Tomb:1)
  A naga warrior (Abyss:3)
  4 death scarabs (Tomb:3)
  A titan zombie (Dis:7)
  A sun demon (Pan)
  An iron golem (Dis:7)
  An anaconda zombie (Geh:7)
  A large abomination (Abyss:3)
  A demonic crawler (Pan)
  A merfolk (Shoals:4)
  A hornet (Spider:1)
  A redback (Spider:1)
  A tarantella (Spider:1)
  2 nagas (Abyss:3)
  A water moccasin (shapeshifter) (Depths:2)
  2 hell hounds (Dis:7)
  A manticore zombie (Dis:7)
  3 killer bees (Abyss:3)
  A mummy (Tomb:3)
  2 starspawn tentacles (Abyss:3)
34 creatures vanquished.

Vanquished Creatures (others)
  2 deep elf master archers (Elf:3)
  An eldritch tentacle (Coc:7)
  A deep elf sorcerer (Elf:3)
  3 stone giants
  A bennu (Tomb:2)
  A merfolk javelineer (Shoals:4)
  A deep elf death mage (Elf:3)
  4 yaktaur captains
  A rakshasa (Vaults:3)
  2 centaur warriors
  A satyr (Depths:4)
  10 death scarabs
  A hell hog (Depths:5)
  A thrashing horror (Abyss:3)
  4 deep elf archers
  An orc knight (Vaults:5)
  2 deep elf magi
  3 cyclopes
  A hellion (Geh:7)
  14 yaktaurs
  A red devil (Pan)
  3 wind drakes
  An ice dragon zombie (Dis:7)
  A bog body (Coc:7)
  2 flying skulls (Tomb:2)
  A tarantella (Spider:4)
  A wraith (Dis:7)
  2 humans (D:12)
  A chaos spawn (Abyss:3)
  A fire elemental (Geh:3)
  A necrophage (Geh:5)
  A swamp drake (Depths:5)
  5 centaurs
  A hound (D:12)
  2 mummies (Tomb:2)
  12 ball lightnings (Pan)
  3 orcs
  A kobold (D:13)
  A block of ice (Pan)
  3 briar patches (Depths:4)
  A crawling corpse (Vaults:5)
  2 fungi
  18 plants
  10 starspawn tentacles
  14 tentacles
144 creatures vanquished.

Grand Total: 5103 creatures vanquished

Notes
Turn   | Place    | Note
-------+----------+-------------------------------------------
     0 | D:1      | Hasart the Vine Stalker Berserker began the quest for the Orb.
     0 | D:1      | Reached XP level 1. HP: 11/11 MP: 2/2
   200 | D:1      | Reached XP level 2. HP: 10/16 MP: 3/3
   750 | D:1      | Reached XP level 3. HP: 17/19 MP: 4/4
  1101 | D:1      | Reached ** piety under Trog
  1655 | D:2      | Noticed Sigmund
  2053 | D:2      | Gained mutation: Your natural rate of healing is unusually fast. [Vine Stalker growth]
  2053 | D:2      | Reached XP level 4. HP: 19/23 MP: 5/5
  2416 | D:2      | Reached *** piety under Trog
  2504 | D:2      | Killed Sigmund
  2504 | D:2      | Reached skill level 1 in Shields
  2504 | D:2      | Reached XP level 5. HP: 28/28 MP: 6/6
  2504 | D:2      | Reached XP level 6. HP: 32/32 MP: 7/7
  2568 | D:2      | Noticed Robin
  2584 | D:2      | Killed Robin
  2817 | D:3      | Noticed Grinder
  2838 | D:3      | Killed Grinder
  2838 | D:3      | Reached XP level 7. HP: 37/37 MP: 4/8
  2947 | D:3      | Found a white marble altar of Elyvilon.
  3253 | D:4      | Reached skill level 5 in Maces & Flails
  3388 | D:4      | Found a shattered altar of Ashenzari.
  3401 | D:4      | Noticed vatarom's ghost (amateur DsAK)
  3419 | D:4      | Killed vatarom's ghost
  3419 | D:4      | Gained mutation: You have razor-sharp teeth. [Vine Stalker growth]
  3419 | D:4      | Reached XP level 8. HP: 42/42 MP: 9/9
  3864 | D:5      | Entered Level 5 of the Dungeon
  3879 | D:5      | Reached **** piety under Trog
  4086 | D:5      | Noticed Prince Ribbit
  4099 | D:5      | Killed Prince Ribbit
  4142 | D:5      | Found a sand-covered staircase.
  4149 | Ossuary  | Entered an ossuary
  4674 | D:5      | Noticed Eustachio
  4695 | D:5      | Killed Eustachio
  4695 | D:5      | Reached XP level 9. HP: 32/46 MP: 10/10
  4766 | D:5      | Found a runed door.
  4916 | D:5      | Noticed Crazy Yiuf
  4931 | D:5      | Killed Crazy Yiuf
  5307 | D:6      | Reached skill level 5 in Fighting
  5600 | D:6      | Found a staircase to the Ecumenical Temple.
  5948 | D:7      | Noticed a two-headed ogre
  5998 | D:7      | Killed a two-headed ogre
  5998 | D:7      | Reached skill level 5 in Armour
  5998 | D:7      | Reached skill level 5 in Dodging
  5998 | D:7      | Reached XP level 10. HP: 26/52 MP: 5/11
  6087 | D:7      | Reached ***** piety under Trog
  6276 | D:7      | Reached skill level 5 in Shields
  7149 | D:8      | Found a staircase to the Lair.
  7226 | D:8      | Found a shimmering altar of Xom.
  7230 | D:8      | Found a hide-covered altar of Uskayaw.
  7231 | D:8      | Found an opulent altar of Gozag.
  7617 | D:9      | Gained mutation: Your magical capacity is low. (-10% MP) [potion of mutation]
  7617 | D:9      | Gained mutation: You possess an exceptional clarity of mind. [potion of mutation]
  8110 | D:9      | Received a gift from Trog
  8281 | D:9      | Reached XP level 11. HP: 58/58 MP: 10/10
  8456 | D:9      | Noticed a two-headed ogre
  8462 | D:9      | Killed a two-headed ogre
  8598 | D:10     | Entered Level 10 of the Dungeon
  8847 | D:10     | Found a bloodstained altar of Trog.
  9171 | D:10     | Noticed a two-headed ogre
  9188 | D:10     | Killed a two-headed ogre
  9188 | D:10     | Reached skill level 10 in Maces & Flails
  9217 | D:10     | Killed an unseen horror
  9399 | D:10     | Noticed a two-headed ogre
  9465 | D:10     | Killed a two-headed ogre
  9898 | D:11     | Found a labyrinth entrance.
  9913 | Lab      | Entered a labyrinth
 10196 | Lab      | Noticed a minotaur
 10204 | Lab      | Killed a minotaur
 10317 | D:11     | Found a staircase to the Orcish Mines.
 10334 | Orc:1    | Entered Level 1 of the Orcish Mines
 10347 | Orc:1    | Received a gift from Trog
 10361 | Orc:1    | Gained mutation: You heal very quickly. [Vine Stalker growth]
 10361 | Orc:1    | Reached XP level 12. HP: 63/63 MP: 10/11
 10774 | Orc:2    | Entered Level 2 of the Orcish Mines
 10932 | Orc:2    | Noticed Hasart's ghost (journeyman KoAs)
 10942 | Orc:2    | Killed Hasart's ghost
 10981 | Orc:2    | Found a frozen archway.
 10981 | Orc:2    | Noticed an ice dragon
 10981 | Orc:2    | Noticed Donald
 10994 | Orc:2    | Killed an ice dragon
 11011 | Orc:2    | Killed Donald
 11057 | IceCv    | Entered an ice cave
 11331 | IceCv    | Reached XP level 13. HP: 69/69 MP: 12/12
 11342 | IceCv    | Identified the Papyrus of Combat Magic
 11359 | IceCv    | Received a gift from Trog
 11505 | IceCv    | Noticed a frost giant
 11528 | IceCv    | Killed a frost giant
 11852 | Orc:2    | Found a staircase to the Elven Halls.
 11872 | Orc:2    | Found Iziuwum's Assorted Antiques.
 11884 | Orc:2    | Found a roughly hewn altar of Beogh.
 12340 | Orc:2    | Found Janwups's Armour Shoppe.
 12344 | Orc:2    | Found Tagistuphe's Distillery.
 12361 | Orc:2    | Found Taafino's Food Shop.
 12363 | Orc:2    | Found Zysiy's Armour Shoppe.
 12517 | D:11     | Noticed Fannar
 12529 | D:11     | Killed Fannar
 12629 | D:11     | Reached ****** piety under Trog
 12716 | D:11     | Reached XP level 14. HP: 75/75 MP: 13/13
 12737 | D:11     | Noticed kalagan's ghost (journeyman GrEE)
 12751 | D:11     | Killed kalagan's ghost
 12922 | D:12     | Received a gift from Trog
 12938 | D:12     | Noticed Kirke
 12971 | D:12     | Killed Kirke
 13016 | D:12     | Noticed Quirk's ghost (journeyman DsGl)
 13045 | D:12     | Killed Quirk's ghost
 13226 | Lair:1   | Entered Level 1 of the Lair of Beasts
 14144 | Lair:2   | Reached skill level 10 in Fighting
 14492 | Lair:3   | Received a gift from Trog
 14703 | Lair:3   | Found a staircase to the Shoals.
 15354 | Lair:4   | Found a hole to the Spider Nest.
 16309 | Lair:5   | Received a gift from Trog
 16951 | Lair:6   | Entered Level 6 of the Lair of Beasts
 16964 | Lair:6   | Reached XP level 15. HP: 81/81 MP: 14/14
 17041 | Lair:6   | Found a staircase to the Slime Pits.
 17042 | Lair:6   | Found a viscous altar of Jiyva.
 17222 | Lair:6   | Noticed Rupert
 17232 | Lair:6   | Killed Rupert
 17400 | Lair:6   | Received a gift from Trog
 17680 | Lair:6   | Reached skill level 1 in Throwing
 17701 | Lair:6   | Reached skill level 10 in Shields
 17734 | Lair:6   | Reached skill level 1 in Evocations
 18617 | Orc:2    | Bought the +16 plate armour of Aciuteus {rElec MR+ Int+4 SInv} for 1602 gold pieces
 18715 | Orc:2    | Bought a scroll labeled NOSAEC UNWAITZ for 31 gold pieces
 18715 | Orc:2    | Bought a scroll labeled UMYFRO DOIDU for 31 gold pieces
 18715 | Orc:2    | Bought 2 smoky grey potions for 55 gold pieces
 19179 | D:13     | Reached skill level 10 in Armour
 19216 | D:13     | Found Kufrupp's Jewellery Shoppe.
 19467 | D:13     | Received a gift from Trog
 20236 | D:14     | Reached skill level 10 in Dodging
 20236 | D:14     | Reached XP level 16. HP: 86/86 MP: 17/17
 20431 | D:14     | Received a gift from Trog
 20530 | D:14     | Found a gate to the Vaults.
 20935 | D:14     | Got a blackened morningstar
 20936 | D:14     | Identified the cursed +0 morningstar of Feeq {freeze, Int+3} (You found it on level 14 of the Dungeon)
 21644 | D:15     | Entered Level 15 of the Dungeon
 21886 | D:15     | Reached skill level 15 in Maces & Flails
 22059 | D:15     | Found a staircase to the Depths.
 22124 | D:15     | Received a gift from Trog
 23035 | Spider:1 | Entered Level 1 of the Spider Nest
 23416 | Spider:1 | Reached XP level 17. HP: 91/91 MP: 19/19
 23480 | Spider:1 | Received a gift from Trog
 23480 | Spider:1 | Reached skill level 5 in Evocations
 23725 | Spider:1 | Received a gift from Trog
 23937 | Spider:1 | Noticed Hasart's ghost (journeyman DrWz)
 23954 | Spider:1 | Killed Hasart's ghost
 24373 | Spider:2 | Reached skill level 5 in Throwing
 24467 | Spider:2 | You fall through a shaft!
 24561 | Spider:3 | Received a gift from Trog
 25437 | Spider:4 | Entered Level 4 of the Spider Nest
 25449 | Spider:4 | Noticed Arachne
 25568 | Spider:4 | Killed Arachne
 25780 | Spider:4 | Received a gift from Trog
 25800 | Spider:4 | Got a fine hand crossbow {god gift}
 25808 | Spider:4 | Identified the +11 hand crossbow "Ulynwikh" {penet, +Fly MR- Dex+7 SInv} (Trog gifted it to you on level 4 of the Spider Nest)
 25982 | Spider:4 | Reached skill level 1 in Crossbows
 26000 | Spider:4 | Reached XP level 18. HP: 98/98 MP: 21/21
 26107 | Spider:4 | Reached skill level 2 in Crossbows
 26423 | Spider:4 | Got a gossamer rune of Zot
 27043 | Shoals:1 | Entered Level 1 of the Shoals
 27081 | Shoals:1 | Reached skill level 3 in Crossbows
 27091 | Shoals:1 | Noticed Louise
 27124 | Shoals:1 | Killed Louise
 27663 | Shoals:2 | Got a fine gossamer ring
 27665 | Shoals:2 | Identified the ring "Satagaje" {MR+ Int+2 Stlth-} (You found it on level 2 of the Shoals)
 27841 | Shoals:2 | Received a gift from Trog
 27848 | Shoals:2 | Reached skill level 4 in Crossbows
 28126 | Shoals:2 | Found Ickevedwe's Jewellery Emporium.
 28953 | Shoals:3 | Received a gift from Trog
 29161 | Shoals:4 | Entered Level 4 of the Shoals
 29280 | Shoals:4 | Reached skill level 5 in Crossbows
 29479 | Shoals:4 | Reached XP level 19. HP: 78/102 MP: 23/23
 29602 | Shoals:4 | Noticed Ilsuiw
 30079 | Shoals:4 | Received a gift from Trog
 30187 | Shoals:4 | Got a barnacled rune of Zot
 30261 | Shoals:4 | Killed Ilsuiw
 30261 | Shoals:4 | Reached skill level 6 in Crossbows
 30356 | Shoals:4 | Got a ripped robe
 30357 | Shoals:4 | Identified the cursed +0 robe of Muxzadar {Str+6} (You found it on level 4 of the Shoals)
 30953 | Elf:1    | Entered Level 1 of the Elven Halls
 31163 | Elf:1    | Identified Ypuof's Disquisition on Supportive Attacks
 31195 | Elf:1    | Received a gift from Trog
 31342 | Elf:1    | Found Qattam's Antique Weapon Emporium.
 31574 | Elf:2    | Received a gift from Trog
 31603 | Elf:2    | Reached skill level 7 in Crossbows
 31721 | Elf:2    | Found a magical portal.
 31724 | WizLab   | Entered The Roulette of Golubria
 31724 | WizLab   | Found a transporter.
 31735 | WizLab   | Found a corrupted altar of Lugonu.
 31799 | WizLab   | Found a transporter.
 31799 | WizLab   | Found a transporter.
 31834 | WizLab   | Found a transporter.
 31853 | WizLab   | Found a corrupted altar of Lugonu.
 31889 | WizLab   | Found a transporter.
 31953 | WizLab   | Found a transporter.
 32000 | WizLab   | Found a transporter.
 32043 | WizLab   | Found a transporter.
 32060 | WizLab   | Found a transporter.
 32107 | WizLab   | Found a transporter.
 32337 | WizLab   | Identified Teizykk's Handbook of the Traveller
 32345 | WizLab   | Found a transporter.
 32345 | WizLab   | Found a transporter.
 32385 | WizLab   | Found a transporter.
 32385 | WizLab   | Found a transporter.
 32447 | WizLab   | Found a transporter.
 32451 | WizLab   | Found a transporter.
 32491 | WizLab   | Identified Golubria's Catalogue of Dislocation
 32507 | WizLab   | Got a crude cloak
 32510 | WizLab   | Got a warped cloak
 32511 | WizLab   | Identified the +2 cloak of Pick {Int+7 Dex-4 Slay-2} (You found it in a wizard's laboratory)
 32512 | WizLab   | Identified the +5 cloak of the Bull {Dex+4} (You found it in a wizard's laboratory)
 32644 | WizLab   | Found a transporter.
 32644 | WizLab   | Found a transporter.
 32652 | WizLab   | Noticed a tentacled monstrosity
 32661 | WizLab   | Killed a tentacled monstrosity
 32683 | WizLab   | Found a transporter.
 32728 | WizLab   | Found a transporter.
 32744 | WizLab   | Reached skill level 8 in Crossbows
 32954 | Elf:1    | Reached XP level 20. HP: 94/109 MP: 24/24
 33491 | Elf:2    | Received a gift from Trog
 33513 | Elf:2    | Found Faluqeat's Jewellery Shoppe.
 33810 | Elf:2    | Found a huge runed gate.
 33810 | Elf:2    | Found a huge runed gate.
 33810 | Elf:2    | Found a huge runed gate.
 34131 | Elf:2    | Reached skill level 9 in Crossbows
 34188 | Elf:2    | Received a gift from Trog
 34513 | Elf:2    | Received a gift from Trog
 34555 | Elf:3    | Entered Level 3 of the Elven Halls
 34982 | Elf:3    | Received a gift from Trog
 35503 | Elf:3    | Reached skill level 10 in Crossbows
 35512 | Elf:3    | Noticed a Brimstone Fiend
 35759 | Elf:3    | Got a crude pewter amulet
 35803 | Elf:3    | Noticed a Brimstone Fiend
 35807 | Elf:3    | HP: 2/110 [deep elf high priest/damnation (22)]
 35982 | Elf:3    | Got a scintillating silver ring
 36048 | Elf:3    | Reached skill level 10 in Evocations
 36065 | Elf:3    | Got an ancient ivory ring
 36134 | Elf:3    | Reached XP level 21. HP: 102/114 MP: 26/26
 36171 | Elf:3    | Reached skill level 15 in Shields
 36179 | Elf:3    | Got a scorched brass ring
 36192 | Elf:3    | Received a gift from Trog
 36213 | Elf:3    | Got a translucent diamond amulet
 36280 | Elf:3    | Identified the amulet of Liberalism {Faith rF+ Dex+3} (You took it off a deep elf annihilator on level 3 of the Elven Halls)
 36282 | Elf:3    | Identified the ring "Ovenagon" {Fire rPois Int+3} (You took it off a deep elf annihilator on level 3 of the Elven Halls)
 36284 | Elf:3    | Identified the cursed ring "Tiucymet" {rC+ Dex-6} (You took it off a deep elf death mage on level 3 of the Elven Halls)
 36288 | Elf:3    | Identified the ring of the Lumpy Wishes {Ice rPois rN+ Dex+3} (You took it off a deep elf blademaster on level 3 of the Elven Halls)
 36290 | Elf:3    | Identified the amulet of the Kangaroo {Harm *Drain rC++ Int+3 Slay-3} (You took it off a deep elf annihilator on level 3 of the Elven Halls)
 36905 | Vaults:1 | Entered Level 1 of the Vaults
 36976 | Vaults:1 | Reached skill level 11 in Crossbows
 37211 | Vaults:1 | Found a ruined gateway.
 37225 | Desolati | Entered the Desolation of Salt
 37541 | Desolati | Received a gift from Trog
 37611 | Desolati | Got a bound brass ring
 37684 | Desolati | Received a gift from Trog
 37770 | Desolati | Got a crude scale mail
 37771 | Desolati | Identified the ring of Moral Flaws {*Tele Str+6} (You took it off a ragged hierophant in the Desolation of Salt)
 37772 | Desolati | Identified the +7 scale mail "Qiruxoat" {*Slow +Fly SInv} (You found it in the Desolation of Salt)
 37878 | Desolati | Reached skill level 12 in Crossbows
 37892 | Desolati | Got a glittering brass ring
 37898 | Desolati | Got a sparkling amber ring
 37901 | Desolati | Got a shimmering amber ring
 37912 | Desolati | Got a polished plate armour
 37913 | Desolati | Identified the +0 plate armour of Faobbaud {*Slow Int-5 Dex+7 Stlth+} (You found it in the Desolation of Salt)
 37914 | Desolati | Identified the ring of Haruh {rPois MR+ Str-3 Dex+7 Stlth-} (You found it in the Desolation of Salt)
 37915 | Desolati | Identified the ring of the Turtle {Wiz -Tele +Inv +Fly Str+3} (You found it in the Desolation of Salt)
 37916 | Desolati | Identified the ring "Fidinwud" {Str+5 Stlth+} (You found it in the Desolation of Salt)
 38134 | Desolati | Got a smoking glass ring
 38137 | Desolati | Got a bound lapis lazuli ring
 38144 | Desolati | Identified the ring "Sakax" {*Tele Int+3 Stlth+} (You found it in the Desolation of Salt)
 38145 | Desolati | Identified the ring "Towkahy" {+Fly MR+} (You found it in the Desolation of Salt)
 38395 | Vaults:1 | Received a gift from Trog
 38827 | Vaults:1 | Reached XP level 22. HP: 107/121 MP: 28/28
 39979 | Vaults:2 | Received a gift from Trog
 40012 | Vaults:2 | Reached skill level 13 in Crossbows
 40208 | Vaults:2 | Received a gift from Trog
 40325 | Vaults:2 | Received a gift from Trog
 40545 | Vaults:2 | Found a staircase to the Crypt.
 41067 | Vaults:3 | Reached skill level 15 in Fighting
 41329 | Vaults:3 | Received a gift from Trog
 41339 | Vaults:3 | Reached skill level 14 in Crossbows
 41464 | Vaults:3 | Received a gift from Trog
 41935 | Temple   | Entered the Ecumenical Temple
 42520 | Vaults:3 | Received a gift from Trog
 43038 | Vaults:3 | Reached XP level 23. HP: 126/126 MP: 29/29
 43261 | Vaults:4 | Noticed Mara
 43278 | Vaults:4 | Killed Mara
 43721 | Vaults:4 | Reached skill level 15 in Crossbows
 43850 | Vaults:4 | Received a gift from Trog
 44632 | Vaults:5 | Entered Level 5 of the Vaults
 44649 | Vaults:4 | Received a gift from Trog
 44910 | Vaults:5 | Noticed a golden dragon
 44936 | Vaults:4 | Killed a golden dragon
 45079 | Vaults:4 | Got an iridescent hand crossbow {god gift}
 45080 | Vaults:4 | Identified the +4 hand crossbow of Dawn {elec, rF+ Stlth+} (Trog gifted it to you on level 4 of the Vaults)
 45127 | Vaults:4 | Reached skill level 16 in Crossbows
 45210 | Vaults:5 | Reached XP level 24. HP: 132/133 MP: 29/29
 45347 | Vaults:5 | Received a gift from Trog
 45525 | Vaults:5 | Got a polished plate armour
 45526 | Vaults:5 | Identified the +10 plate armour "Xago" {rElec} (You found it on level 5 of the Vaults)
 45838 | Vaults:5 | Received a gift from Trog
 45980 | Vaults:5 | Received a gift from Trog
 46255 | Vaults:5 | Reached skill level 17 in Crossbows
 46431 | Vaults:5 | Received a gift from Trog
 46990 | Vaults:5 | Got a silver rune of Zot
 47051 | Vaults:5 | Identified the Collected Works on Execration
 47836 | Depths:1 | Entered Level 1 of the Depths
 47851 | Depths:1 | Reached XP level 25. HP: 138/139 MP: 29/29
 47981 | Depths:1 | Noticed Rhok's ghost (veteran MfFi)
 48008 | Depths:1 | Killed Rhok's ghost
 48185 | Depths:1 | Found a glowing golden altar of the Shining One.
 48264 | Depths:1 | Received a gift from Trog
 48264 | Depths:1 | Found a gateway to Hell.
 48416 | Depths:1 | Received a gift from Trog
 48521 | Depths:1 | Received a gift from Trog
 48524 | Depths:1 | Got a pitted lajatang {god gift}
 48525 | Depths:1 | Identified the +7 lajatang of Zum Nusy {slice, rElec Str+3} (Trog gifted it to you on level 1 of the Depths)
 48819 | Depths:1 | Found a one-way gate to the infinite horrors of the Abyss.
 48937 | Depths:1 | Found a one-way gate leading to the halls of Pandemonium.
 49288 | Depths:2 | Found a runed door.
 49425 | Depths:2 | Reached skill level 18 in Crossbows
 49544 | Depths:2 | Noticed a juggernaut
 49573 | Depths:2 | Killed a juggernaut
 49728 | Depths:2 | Received a gift from Trog
 49991 | Depths:2 | Received a gift from Trog
 50469 | Depths:2 | Received a gift from Trog
 50590 | Depths:2 | Reached XP level 26. HP: 145/145 MP: 29/29
 50717 | Depths:2 | Received a gift from Trog
 51092 | Depths:3 | Noticed Saint Roka
 51136 | Depths:3 | Killed Saint Roka
 51258 | Depths:3 | Found a gateway to a ziggurat.
 51399 | Depths:3 | Noticed a juggernaut
 51412 | Depths:3 | Noticed Xtahua
 51414 | Depths:3 | Killed a juggernaut
 51414 | Depths:3 | Reached skill level 19 in Crossbows
 51428 | Depths:3 | Killed Xtahua
 51495 | Depths:3 | Received a gift from Trog
 52134 | Depths:4 | Identified the Handbook of Spatial Clay
 52555 | Depths:4 | Received a gift from Trog
 53127 | Depths:4 | Noticed the Enchantress
 53157 | Depths:4 | Killed the Enchantress
 53165 | Depths:4 | Got faerie dragon scales
 53200 | Depths:4 | Identified the +2 faerie dragon scales {rCorr Int+4 Dex-5 Slay+3} (You took it off the Enchantress on level 4 of the Depths)
 53373 | Depths:5 | Entered Level 5 of the Depths
 53859 | Depths:5 | Received a gift from Trog
 53888 | Depths:5 | Reached XP level 27. HP: 151/151 MP: 29/29
 54501 | Depths:5 | Found a gate to the Realm of Zot.
 54556 | Zot:1    | Entered Level 1 of the Realm of Zot
 54609 | Zot:1    | Reached skill level 20 in Crossbows
 54614 | Zot:1    | Noticed an orb of fire
 54620 | Zot:1    | Gained mutation: You are weak. (Str -2) [an orb of fire]
 54620 | Zot:1    | Gained mutation: You evolve. [an orb of fire]
 54625 | Zot:1    | Gained mutation: Your spells are a little easier to cast, but a little less powerful. [an orb of fire]
 54627 | Zot:1    | Gained mutation: You are dopey. (Int -2) [an orb of fire]
 54632 | Zot:1    | Gained mutation: You expend magic power (3 MP) to strengthen your wands. [an orb of fire]
 54638 | Zot:1    | Killed an orb of fire
 55724 | Zot:2    | Received a gift from Trog
 55738 | Zot:2    | Got a sparkling iron amulet
 55740 | Zot:2    | Identified the amulet of Xom's Castigation {Gourm +Fly} (You found it on level 2 of the Realm of Zot)
 56270 | Zot:2    | Received a gift from Trog
 57125 | Zot:3    | Received a gift from Trog
 57405 | Zot:3    | Received a gift from Trog
 57736 | Zot:3    | Reached skill level 21 in Crossbows
 58149 | Zot:4    | Received a gift from Trog
 58432 | Zot:4    | Got a blackened broad axe
 58443 | Zot:4    | Identified the +6 broad axe "Ugi Qistrie" {chop, +Inv rC- rN++} (You found it on level 4 of the Realm of Zot)
 58763 | Zot:4    | Found a bloodstained altar of Trog.
 59129 | Zot:5    | Entered Level 5 of the Realm of Zot
 59210 | Zot:5    | Got a fine shield
 59211 | Zot:5    | Identified the +5 shield "Naotooli" {*Drain rCorr Int+2 Dex+4} (You found it on level 5 of the Realm of Zot)
 59237 | Zot:5    | Noticed an ancient lich
 59257 | Zot:5    | Killed an ancient lich
 59326 | Zot:5    | Noticed an ancient lich
 59337 | Zot:5    | Killed an ancient lich
 59795 | Zot:5    | Noticed an ancient lich
 59807 | Zot:5    | Gained mutation: You are very weak. (Str -4) [a cacodemon]
 59938 | Zot:5    | Killed an ancient lich
 59938 | Zot:5    | Received a gift from Trog
 60053 | Zot:5    | Noticed an ancient lich
 60068 | Zot:5    | Killed an ancient lich
 60088 | Zot:5    | Noticed an orb of fire
 60112 | Zot:5    | Killed an orb of fire
 60194 | Zot:5    | Noticed an orb of fire
 60194 | Zot:5    | Gained mutation: Armour fits poorly on your strangely shaped body. [an orb of fire]
 60197 | Zot:5    | Lost mutation: You possess an exceptional clarity of mind. [an orb of fire]
 60199 | Zot:5    | Gained mutation: Your magical capacity is very low. (-20% MP) [an orb of fire]
 60201 | Zot:5    | Gained mutation: You are very dopey. (Int -4) [an orb of fire]
 60210 | Zot:5    | Gained mutation: You tend to lose your temper in combat. [an orb of fire]
 60215 | Zot:5    | Killed an orb of fire
 60215 | Zot:5    | Reached skill level 22 in Crossbows
 60639 | Zot:5    | Lost mutation: Armour fits poorly on your strangely shaped body. [potion of mutation]
 60639 | Zot:5    | Lost mutation: You are very dopey. (Int -4) [potion of mutation]
 60639 | Zot:5    | Lost mutation: Your spells are a little easier to cast, but a little less powerful. [potion of mutation]
 60639 | Zot:5    | Gained mutation: You have supernaturally acute eyesight. (SInv) [potion of mutation]
 60639 | Zot:5    | Gained mutation: You are covered in fur. (AC +1) [potion of mutation]
 60927 | Depths:2 | Received a gift from Trog
 61272 | Lair:2   | Lost mutation: You tend to lose your temper in combat. [potion of mutation]
 61272 | Lair:2   | Gained mutation: You have a pair of small horns on your head. [potion of mutation]
 61273 | Lair:2   | Lost mutation: Your magical capacity is very low. (-20% MP) [potion of mutation]
 61273 | Lair:2   | Lost mutation: Your magical capacity is low. (-10% MP) [potion of mutation]
 61273 | Lair:2   | Lost mutation: You are very weak. (Str -4) [potion of mutation]
 61273 | Lair:2   | Lost mutation: You are weak. (Str -2) [potion of mutation]
 61273 | Lair:2   | Lost mutation: You are dopey. (Int -2) [potion of mutation]
 61435 | D:12     | Lost mutation: You have a pair of small horns on your head. [evolution]
 61649 | Crypt:1  | Entered Level 1 of the Crypt
 61798 | Crypt:1  | Noticed a greater mummy
 61802 | Crypt:1  | Noticed Khufu
 61870 | Crypt:1  | Noticed an ancient lich
 61882 | Crypt:1  | Killed an ancient lich
 62071 | Crypt:1  | You fall through a shaft!
 62279 | Crypt:2  | Received a gift from Trog
 62866 | Crypt:1  | Received a gift from Trog
 62898 | Crypt:1  | Killed a greater mummy
 62929 | Crypt:1  | Killed Khufu
 62943 | Crypt:1  | Identified a scroll of acquirement
 62946 | Crypt:1  | Got a scorched shield
 62947 | Crypt:1  | Identified the +0 shield "Lomm" {Regen+ Str+4 Stlth+} (You acquired it on level 1 of the Crypt)
 63094 | Crypt:3  | Entered Level 3 of the Crypt
 63127 | Crypt:3  | Received a gift from Trog
 63298 | Crypt:3  | Found a staircase to the Tomb.
 63905 | Crypt:3  | Noticed Jory
 63918 | Crypt:3  | Killed Jory
 63939 | Crypt:3  | Got a clouded ruby amulet
 64123 | Crypt:3  | Identified the amulet of Liberty {Gourm +Blink Slay+3} (You took it off Jory on level 3 of the Crypt)
 64168 | Crypt:3  | Received a gift from Trog
 64246 | Crypt:3  | Reached skill level 1 in Stealth
 64820 | Hell     | Entered the Vestibule of Hell
 64820 | Hell     | Noticed Geryon
 64831 | Hell     | Killed Geryon
 64847 | Hell     | Reached skill level 23 in Crossbows
 64950 | Hell     | Found a gateway to the freezing wastes of Cocytus.
 65199 | Hell     | Found a gateway to the ashen valley of Gehenna.
 65230 | Hell     | Received a gift from Trog
 65278 | Hell     | Reached skill level 15 in Dodging
 65278 | Hell     | Reached skill level 5 in Stealth
 65352 | Hell     | Found a gateway to the Iron City of Dis.
 65417 | Hell     | Found a gateway to the decaying netherworld of Tartarus.
 66082 | Depths:1 | Voluntarily entered the Abyss.
 66309 | Abyss:3  | Got a dazzling cloak
 66310 | Abyss:3  | Identified the cursed +0 cloak "Tykham" {rC+ Dex+3 SInv} (You found it on level 3 of the Abyss)
 66330 | Abyss:3  | Found an opulent altar of Gozag.
 66333 | Abyss:3  | Found a corrupted altar of Lugonu.
 66398 | Abyss:3  | Found a corrupted altar of Lugonu.
 66664 | Abyss:3  | Paralysed by you for 7 turns
 66921 | Abyss:3  | Got an abyssal rune of Zot
 67040 | Abyss:3  | Received a gift from Trog
 67148 | Abyss:3  | Noticed an ancient lich
 67158 | Abyss:3  | Killed an ancient lich
 67158 | Abyss:3  | Reached skill level 15 in Armour
 67200 | Abyss:3  | Paralysed by accursed screaming for 2 turns
 67204 | Abyss:3  | Received a gift from Trog
 67206 | Abyss:3  | Paralysed by accursed screaming for 2 turns
 67350 | Abyss:3  | Received a gift from Trog
 67408 | Depths:1 | Escaped the Abyss
 67547 | Pan      | Entered Pandemonium
 67581 | Pan      | Reached skill level 10 in Stealth
 67600 | Pan      | Received a gift from Trog
 67793 | Pan      | Noticed Selum the pandemonium lord
 67795 | Pan      | Killed Selum the pandemonium lord
 67804 | Pan      | Found an exit through the horrors of the Abyss.
 68185 | Pan      | Found an exit through the horrors of the Abyss.
 68270 | Pan      | Found an exit through the horrors of the Abyss.
 68763 | Pan      | Received a gift from Trog
 68772 | Pan      | Noticed Biewev the pandemonium lord
 68785 | Pan      | Killed Biewev the pandemonium lord
 68946 | Pan      | Received a gift from Trog
 69009 | Pan      | Found an exit through the horrors of the Abyss.
 69057 | Pan      | Noticed Mennas
 69076 | Pan      | Killed Mennas
 69169 | Pan      | Noticed Neiwkuv the pandemonium lord
 69188 | Pan      | Killed Neiwkuv the pandemonium lord
 69571 | Pan      | Found an exit through the horrors of the Abyss.
 69743 | Pan      | Noticed Eteodylen the pandemonium lord
 69767 | Pan      | Killed Eteodylen the pandemonium lord
 69795 | Pan      | Received a gift from Trog
 69859 | Pan      | Received a gift from Trog
 69910 | Pan      | Found a runed door.
 70063 | Pan      | Noticed Ulelihob the pandemonium lord
 70074 | Pan      | Killed Ulelihob the pandemonium lord
 70245 | Pan      | Found an exit through the horrors of the Abyss.
 70294 | Pan      | Entered the realm of Lom Lobon.
 70403 | Pan      | Gained mutation: Your muscles are strong. (Str +2) [evolution]
 70779 | Pan      | Got a sparkling jade ring
 70785 | Pan      | Identified the ring "Tocejum" {Wiz rN+++ Str-5 Int+7} (You took it off a rakshasa in Pandemonium)
 70957 | Pan      | Received a gift from Trog
 70984 | Pan      | Noticed Lom Lobon
 71158 | Pan      | Found an exit through the horrors of the Abyss.
 71386 | Pan      | Reached skill level 15 in Stealth
 71517 | Pan      | Killed Lom Lobon
 71635 | Pan      | Got a magical rune of Zot
 71865 | Pan      | Entered the realm of Mnoleg.
 71927 | Pan      | Found an exit through the horrors of the Abyss.
 72143 | Pan      | Gained mutation: You are frail. (-10% HP) [a cacodemon]
 72164 | Pan      | Received a gift from Trog
 72363 | Pan      | Noticed Mnoleg
 72398 | Pan      | Killed Mnoleg
 72674 | Pan      | Gained mutation: You have sharp fingernails. [a cacodemon]
 72676 | Pan      | Reached skill level 24 in Crossbows
 72679 | Pan      | Gained mutation: You are very frail. (-20% HP) [a cacodemon]
 72706 | Pan      | Received a gift from Trog
 72734 | Pan      | Got a glowing rune of Zot
 72835 | Pan      | Gained mutation: Your spells are a little easier to cast, but a little less powerful. [a neqoxec]
 72866 | Pan      | Got a faintly glowing hand crossbow
 72867 | Pan      | Identified the +9 hand crossbow of Buqaa {penet, rElec} (You found it in Pandemonium)
 72930 | Pan      | Found an exit through the horrors of the Abyss.
 73226 | Pan      | Found an exit through the horrors of the Abyss.
 73265 | Pan      | Noticed Lesafeang the pandemonium lord
 73272 | Pan      | Killed Lesafeang the pandemonium lord
 73495 | Pan      | Noticed Izxo Bew the pandemonium lord
 73777 | Pan      | Found an exit through the horrors of the Abyss.
 73868 | Pan      | Found an exit through the horrors of the Abyss.
 73926 | Pan      | Received a gift from Trog
 74042 | Pan      | Noticed Zaddel the pandemonium lord
 74062 | Pan      | Killed Zaddel the pandemonium lord
 74078 | Pan      | Received a gift from Trog
 74194 | Pan      | Got a demonic rune of Zot
 74304 | Pan      | Found an exit through the horrors of the Abyss.
 74334 | Pan      | Entered the realm of Cerebov.
 74353 | Pan      | Found an exit through the horrors of the Abyss.
 74501 | Pan      | Got a faintly glowing war axe {flame}
 74502 | Pan      | Identified the +6 war axe of Zoraoper {flame, +Rage rC+ MR+} (You took it off a balrug in Pandemonium)
 74919 | Pan      | Got a vibrating silver ring
 74923 | Pan      | Got a translucent wooden ring
 74942 | Pan      | Noticed Cerebov
 74976 | Pan      | Killed Cerebov
 75036 | Pan      | Identified the ring "Kabym" {Ice -Tele Str+2 Int+3} (You took it off a balrug in Pandemonium)
 75037 | Pan      | Identified the ring "Qosidoux" {MP+9 Int-2 Slay+4 Stlth+} (You took it off a balrug in Pandemonium)
 75049 | Pan      | Got a faintly glowing pewter amulet
 75050 | Pan      | Identified the amulet of Kyrusch Muec {Spirit +Fly rF+ rN++ MR-} (You found it in Pandemonium)
 75129 | Pan      | Got a fiery rune of Zot
 75230 | Pan      | Received a gift from Trog
 75256 | Pan      | Noticed Dannig the pandemonium lord
 75289 | Pan      | Killed Dannig the pandemonium lord
 75294 | Pan      | Received a gift from Trog
 75361 | Pan      | Found an exit through the horrors of the Abyss.
 75394 | Pan      | Noticed Ignacio
 75397 | Pan      | Killed Ignacio
 75397 | Pan      | Reached skill level 15 in Evocations
 75554 | Pan      | Entered the realm of Gloorx Vloq.
 75896 | Pan      | Noticed Gloorx Vloq
 75904 | Pan      | Killed Gloorx Vloq
 75924 | Pan      | Got a dark rune of Zot
 76086 | Pan      | Found an exit through the horrors of the Abyss.
 76093 | Pan      | Took an exit into the Abyss.
 76093 | Abyss:1  | Escaped into the Abyss
 76095 | Abyss:1  | Found a corrupted altar of Lugonu.
 76147 | Depths:1 | Escaped the Abyss
 76803 | Geh:1    | Entered Level 1 of Gehenna
 76935 | Geh:3    | Received a gift from Trog
 77083 | Geh:3    | Received a gift from Trog
 77343 | Geh:6    | Gained mutation: You are clumsy. (Dex -2) [mutagenic glow]
 77374 | Geh:7    | Entered Level 7 of Gehenna
 77394 | Geh:7    | Received a gift from Trog
 77738 | Geh:7    | Received a gift from Trog
 78151 | Geh:7    | Noticed Asmodeus
 78232 | Geh:7    | Killed Asmodeus
 78252 | Geh:7    | Got an obsidian rune of Zot
 78395 | Geh:7    | Received a gift from Trog
 78527 | Coc:1    | Entered Level 1 of Cocytus
 78763 | Coc:3    | Received a gift from Trog
 79042 | Coc:7    | Entered Level 7 of Cocytus
 79072 | Coc:7    | Received a gift from Trog
 79635 | Coc:7    | Reached skill level 25 in Crossbows
 79702 | Coc:7    | Noticed Antaeus
 79723 | Coc:7    | Killed Antaeus
 79838 | Coc:7    | Got an icy rune of Zot
 79939 | Coc:7    | Received a gift from Trog
 80126 | Tar:1    | Entered Level 1 of Tartarus
 80891 | Tar:3    | Gained mutation: Your magical capacity is low. (-10% MP) [evolution]
 80998 | Tar:3    | Received a gift from Trog
 81148 | Tar:4    | Received a gift from Trog
 81358 | Tar:7    | Entered Level 7 of Tartarus
 81686 | Tar:7    | Received a gift from Trog
 81828 | Tar:7    | Noticed the Serpent of Hell
 81838 | Tar:7    | Killed the Serpent of Hell
 81927 | Tar:7    | HP: 6/130 [Tzitzimitl/bolt of negative energy (26)]
 82121 | Tar:7    | Noticed Ereshkigal
 82136 | Tar:7    | Killed Ereshkigal
 82187 | Tar:7    | Got a bone rune of Zot
 82456 | Dis:1    | Entered Level 1 of the Iron City of Dis
 82469 | Dis:1    | Received a gift from Trog
 82537 | Dis:1    | Gained mutation: You tend to lose your temper in combat. [mutagenic glow]
 82593 | Dis:2    | Gained mutation: You are extremely frail. (-30% HP) [mutagenic glow]
 82865 | Dis:3    | Lost mutation: Your muscles are strong. (Str +2) [mutagenic glow]
 83257 | Dis:4    | Received a gift from Trog
 83718 | Dis:7    | Entered Level 7 of the Iron City of Dis
 84065 | Dis:7    | Received a gift from Trog
 84225 | Dis:7    | Received a gift from Trog
 84401 | Dis:7    | Received a gift from Trog
 84521 | Dis:7    | Got a smoking steel ring
 84522 | Dis:7    | Identified the ring "Luseapt" {+Fly Int+4} (You found it on level 7 of the Iron City of Dis)
 84746 | Dis:7    | Got a smoking lead ring
 84747 | Dis:7    | Identified the ring "Wauvioje" {rPois rN+ EV+2} (You found it on level 7 of the Iron City of Dis)
 84976 | Dis:7    | Noticed Dispater
 85191 | Dis:7    | Received a gift from Trog
 85316 | Dis:7    | Gained mutation: You are dopey. (Int -2) [a cacodemon]
 85354 | Dis:7    | Killed Dispater
 85483 | Dis:7    | Identified Zudeckie's Catalogue of Feathery Flames
 85486 | Dis:7    | Got an iron rune of Zot
 85565 | Dis:7    | Received a gift from Trog
 85910 | Orc:2    | Bought a potion of haste for 180 gold pieces
 85910 | Orc:2    | Bought a potion of mutation for 144 gold pieces
 85910 | Orc:2    | Bought a potion of might for 72 gold pieces
 85910 | Orc:2    | Bought a potion of mutation for 144 gold pieces
 85944 | Orc:2    | Bought a potion of mutation for 248 gold pieces
 85944 | Orc:2    | Lost mutation: You tend to lose your temper in combat. [potion of mutation]
 85944 | Orc:2    | Lost mutation: You are extremely frail. (-30% HP) [potion of mutation]
 85944 | Orc:2    | Lost mutation: You are dopey. (Int -2) [potion of mutation]
 85944 | Orc:2    | Gained mutation: You have a pair of small horns on your head. [potion of mutation]
 85945 | Orc:2    | Lost mutation: You are very frail. (-20% HP) [potion of mutation]
 85945 | Orc:2    | Lost mutation: Your spells are a little easier to cast, but a little less powerful. [potion of mutation]
 85945 | Orc:2    | Lost mutation: You are frail. (-10% HP) [potion of mutation]
 85945 | Orc:2    | Lost mutation: You have sharp fingernails. [potion of mutation]
 85945 | Orc:2    | Lost mutation: You are clumsy. (Dex -2) [potion of mutation]
 85945 | Orc:2    | Lost mutation: You expend magic power (3 MP) to strengthen your wands. [potion of mutation]
 85945 | Orc:2    | Gained mutation: You are partially covered in yellow scales. (AC +2) [potion of mutation]
 85945 | Orc:2    | Gained mutation: You rapidly evolve. [potion of mutation]
 85945 | Orc:2    | Gained mutation: Your spells are a little harder to cast, but a little more powerful. [potion of mutation]
 86246 | Slime:1  | Entered Level 1 of the Pits of Slime
 86320 | Slime:1  | Gained mutation: You expend magic power (3 MP) to strengthen your wands. [a shining eye]
 86322 | Slime:1  | Gained mutation: You occasionally shout uncontrollably at your foes. [a shining eye]
 86456 | Lair:2   | Gained mutation: Your skin changes colour to match your surroundings (Stealth+). [evolution]
 86762 | Slime:2  | Gained mutation: You are clumsy. (Dex -2) [a shining eye]
 86763 | Slime:2  | Gained mutation: You sometimes yell uncontrollably at your foes. [a shining eye]
 86990 | Slime:5  | Entered Level 5 of the Pits of Slime
 87072 | Slime:3  | Received a gift from Trog
 87113 | Slime:5  | Reached skill level 26 in Crossbows
 87291 | Slime:5  | Noticed the Royal Jelly
 87322 | Slime:5  | Killed the Royal Jelly
 87440 | Slime:5  | Got a fine pewter ring
 87441 | Slime:5  | Identified the ring of Propriety {rF++ Dex+3} (You found it on level 5 of the Pits of Slime)
 87493 | Slime:5  | Got a faintly humming cloak
 87494 | Slime:5  | Identified the +0 cloak of Xushrosa {rC+ MP+9 Str+4 Int-2} (You found it on level 5 of the Pits of Slime)
 87504 | Slime:5  | Identified the Volume of Darkness and Summoning
 87520 | Slime:5  | Got a slimy rune of Zot
 88225 | Tomb:1   | Entered Level 1 of the Tomb of the Ancients
 88587 | Tomb:1   | Noticed a greater mummy
 88588 | Tomb:1   | Noticed an ancient lich
 88681 | Tomb:1   | Killed a greater mummy
 88704 | Tomb:1   | Killed an ancient lich
 88704 | Tomb:1   | Received a gift from Trog
 88706 | Tomb:1   | Noticed a greater mummy
 88712 | Tomb:1   | Killed a greater mummy
 89065 | Tomb:2   | Noticed a greater mummy
 89067 | Tomb:2   | Noticed a greater mummy
 89100 | Tomb:1   | Noticed a greater mummy
 89106 | Tomb:1   | Noticed a greater mummy
 89112 | Tomb:1   | Killed a greater mummy
 89113 | Tomb:1   | Noticed a greater mummy
 89120 | Tomb:1   | Killed a greater mummy
 89121 | Tomb:1   | Noticed a greater mummy
 89127 | Tomb:1   | Killed a greater mummy
 89134 | Tomb:1   | Killed a greater mummy
 89234 | Tomb:1   | Noticed a greater mummy
 89275 | Tomb:1   | Killed a greater mummy
 89301 | Tomb:1   | Noticed a greater mummy
 89304 | Tomb:1   | Noticed a greater mummy
 89308 | Tomb:1   | Killed a greater mummy
 89310 | Tomb:1   | Received a gift from Trog
 89316 | Tomb:1   | Killed a greater mummy
 89365 | Tomb:1   | Noticed a greater mummy
 89376 | Tomb:1   | Killed a greater mummy
 89378 | Tomb:1   | Noticed a greater mummy
 89392 | Tomb:1   | Killed a greater mummy
 89470 | Tomb:1   | Noticed a greater mummy
 89486 | Tomb:1   | Noticed a greater mummy
 89493 | Tomb:1   | Killed a greater mummy
 89495 | Tomb:1   | Noticed a greater mummy
 89499 | Tomb:1   | Killed a greater mummy
 89508 | Tomb:1   | Noticed a greater mummy
 89519 | Tomb:1   | HP: 8/165 [??? (1)]
 89524 | Tomb:1   | HP: 8/165 [poisoned by an emperor scorpion]
 89529 | Tomb:1   | HP: 8/165 [poisoned by an emperor scorpion]
 89763 | Tomb:1   | Killed a greater mummy
 89767 | Tomb:1   | Killed a greater mummy
 89997 | Tomb:3   | Entered Level 3 of the Tomb of the Ancients
 90011 | Tomb:3   | Noticed a greater mummy
 90015 | Tomb:3   | Noticed a greater mummy
 90049 | Tomb:3   | Received a gift from Trog
 90055 | Tomb:3   | Killed a greater mummy
 90302 | Tomb:3   | Noticed a greater mummy
 90309 | Tomb:3   | Killed a greater mummy
 90319 | Tomb:3   | Killed a greater mummy
 90363 | Tomb:3   | Lost mutation: You have supernaturally acute eyesight. (SInv) [a neqoxec]
 90381 | Tomb:3   | Noticed a greater mummy
 90381 | Tomb:3   | Noticed a greater mummy
 90399 | Tomb:3   | HP: 12/247 [poisoned by a reaper]
 90403 | Tomb:2   | HP: 5/165 [poisoned by a reaper]
 90469 | Tomb:2   | Lost mutation: You are clumsy. (Dex -2) [evolution]
 90555 | Tomb:3   | Killed a greater mummy
 90561 | Tomb:3   | Killed a greater mummy
 90713 | Tomb:3   | Identified the amulet "Axauheri" {Spirit rF++ Stlth+} (You found it on level 3 of the Tomb of the Ancients)
 90716 | Tomb:3   | Identified the cursed +0 pair of gloves of Poteon {+Blink Regen+} (You found it on level 3 of the Tomb of the Ancients)
 90823 | Tomb:3   | Noticed a greater mummy
 90825 | Tomb:3   | Noticed a greater mummy
 90838 | Tomb:3   | Killed a greater mummy
 90843 | Tomb:3   | Killed a greater mummy
 90893 | Tomb:3   | Noticed a greater mummy
 90897 | Tomb:3   | Killed a greater mummy
 91247 | Tomb:3   | Got a golden rune of Zot
 91886 | Zot:3    | Received a gift from Trog
 92882 | Zot:5    | Got the Orb of Zot
 93226 | D:13     | Gained mutation: You are dopey. (Int -2) [a neqoxec]
 93447 | D:8      | Noticed Eduwusm the pandemonium lord
 93450 | D:8      | Noticed an ancient lich
 93461 | D:8      | Killed an ancient lich
 93461 | D:8      | Received a gift from Trog
 93463 | D:8      | Killed Eduwusm the pandemonium lord
 93652 | D:$      | Escaped with the Orb!

Skill      XL: |  1  2  3  4  5  6  7  8  9 10 11 12 13 14 15 16 17 18 19 20 21 22 23 24 25 26 27 |
---------------+----------------------------------------------------------------------------------+-----
Maces & Flails | 3 4 5 6 7 9 10 11 12 13 14 15 16 17 18 19 25 | 25.0
Armour         | 2 3 4 5 6 7 8 9 10 11 19 | 19.9
Dodging        | 2 3 4 5 6 7 8 9 10 11 20 | 20.9
Fighting       | 3 4 5 6 7 8 9 10 11 12 13 14 15 16 17 18 24 | 24.1
Shields        | 1 2 3 4 5 6 7 8 9 10 11 12 13 14 16 17 18 19 22 | 22.7
Throwing       | 2 4 5 |  5.6
Evocations     | 2 4 6 7 8 10 11 19 | 19.0
Crossbows      | 1 5 8 10 12 14 16 17 18 19 26 | 26.4
Stealth        | 23 | 23.2

Action                   |  1- 3 |  4- 6 |  7- 9 | 10-12 | 13-15 | 16-18 | 19-21 | 22-24 | 25-27 || total
-------------------------+-------+-------+-------+-------+-------+-------+-------+-------+-------++-------
Melee: Mace              |    87 |   100 |    72 |    12 |       |       |       |       |       ||   271
       Bite              |    21 |    32 |   138 |   229 |   555 |   744 |   825 |   975 |  4577 ||  8096
       Whip              |       |    38 |   280 |    41 |       |       |       |       |       ||   359
       Morningstar       |       |       |       |   199 |       |     1 |       |       |       ||   200
       Eveningstar       |       |       |       |   490 |  1321 |   368 |       |       |  5212 ||  7391
       Demon whip        |       |       |       |       |       |  1460 |  1779 |  1708 |  3133 ||  8080
       Headbutt          |       |       |       |       |       |       |       |       |   270 ||   270
 Fire: Hand crossbow     |       |       |       |       |       |       |    11 |    15 |   113 ||   139
       Heavy crossbow    |       |       |       |       |       |       |       |       |   267 ||   267
Invok: Berserk           |     1 |     2 |     2 |     5 |     6 |     3 |     3 |     3 |    40 ||    65
       Trog's Hand       |       |     3 |     1 |       |     1 |       |     2 |       |     2 ||     9
       Brothers in Arms  |       |       |       |       |       |     1 |     3 |     1 |    16 ||    21
 Abil: Evoke Blink       |       |       |       |       |       |       |       |       |     1 ||     1
  Use: Potion            |     1 |       |       |    11 |     2 |     2 |     1 |       |    45 ||    62
       Scroll            |       |       |       |    13 |     8 |     5 |    18 |     3 |    47 ||    94
 Stab: Sleeping          |     1 |       |       |       |       |       |       |       |    46 ||    47
       Distracted        |     1 |       |       |       |       |       |       |     1 |    45 ||    47
       Petrified         |       |       |       |       |     2 |       |       |       |       ||     2
       Petrifying        |       |       |       |       |       |       |       |       |     1 ||     1
       Invisible         |       |       |       |       |       |       |       |       |    14 ||    14
  Eat: Chunk             |     4 |     5 |    11 |    27 |    31 |    33 |    22 |    29 |    75 ||   237
       Fruit             |       |       |     1 |     2 |     1 |       |       |       |       ||     4
       Royal jelly       |       |       |       |     1 |     2 |     1 |       |     2 |     5 ||    11
       Bread ration      |       |       |       |       |       |       |     3 |       |    25 ||    28
       Meat ration       |       |       |       |       |       |       |       |       |     1 ||     1
Armor: Animal skin       |    13 |       |       |       |       |       |       |       |       ||    13
       Plate armour      |    25 |   126 |   214 |   417 |   474 |   718 |   450 |   395 |  2796 ||  5615
Dodge: Dodged            |    56 |    69 |    60 |   180 |   340 |   490 |   378 |   361 |  3348 ||  5282
Block: Buckler           |       |    14 |     9 |       |       |       |       |       |       ||    23
       Shield            |       |       |   129 |   545 |  1157 |  1625 |  1358 |  1126 |  6452 || 12392
       Reflection        |       |       |       |     2 |    27 |    68 |   101 |   103 |   140 ||   441
